 Dungeon Crawl Stone Soup version 0.28-a0-1555-g9ae15a6949 (webtiles) character file.

Game seed: 59310670922436207

26 HallandMoats the Skirmisher (level 3, 33/33 HPs)
             Began as a Ghoul Monk on Jan 18, 2022.
             Was a Priest of Lugonu.
             Safely got out of the dungeon.
             The game lasted 00:01:29 (854 turns).

HallandMoats the Skirmisher (Ghoul Monk)             Turns: 854, Time: 00:01:29

Health: 33/33      AC:  5    Str: 16    XL:     3   Next: 8%
Magic:  2/2        EV: 11    Int:  5    God:    Lugonu [***...]
Gold:   17         SH:  0    Dex: 11    Spells: 2/2 levels left

rFire   . . .      SeeInvis .     - Unarmed
rCold   + . .      Faith    .   (no shield)
rNeg    + + +      Spirit   .   c - +0 ring mail
rPois   ∞          Reflect  .   (no helmet)
rElec   .          Harm     .   (no cloak)
rCorr   .          Rampage  .   (no gloves)
Will    .....                   (no boots)
Stlth   +.........              (no amulet)
HPRegen 0.11/turn               (no ring)
MPRegen 0.08/turn               (no ring)

@: no status effects
A: claws 1, cold resistance 1, negative energy resistance 3, inhibited
regeneration, torment resistance 2
a: Renounce Religion, Depart the Abyss, Bend Space, Banish


You escaped.
You worshipped Lugonu.
Lugonu was most pleased with you.
You visited 1 branch of the dungeon, and saw 1 of its levels.

You collected 17 gold pieces.

Inventory:

Armour
 c - a +0 ring mail (worn)
Jewellery
 f - a ring of fire
Scrolls
 a - a scroll of teleportation {unknown}
 d - a scroll of immolation {unknown}
 e - a scroll of noise {unknown}
Potions
 b - 2 potions of degeneration {unknown}


   Skills:
 * Level 3.6 Fighting
 * Level 1.1 Axes
 + Level 0.4 Armour
 + Level 2.9 Dodging
 - Level 2.1 Stealth
 - Level 3.2 Unarmed Combat
 + Level 0.7 Invocations


You had 2 spell levels left.
You didn't know any spells.
Your spell library was empty.

Dungeon Overview and Level Annotations

Branches:
Dungeon (1/15)

Altars:
Lugonu


Innate Abilities, Weirdness & Mutations

You thrive by killing the living.
You are immune to poison.
You have sharp fingernails.
Your flesh is cold resistant. (rC+)
You are immune to negative energy. (rN+++)
You do not regenerate when monsters are visible.
You are immune to unholy pain and torment.


Message History

No target in view!
No target in view!
No target in view!
No target in view!
No target in view!
You now have 17 gold pieces (gained 7).
You see here a ring of poison resistance.
Found a long glowing staff.
An endoplasm comes into view.
The endoplasm quivers.
An endoplasm is nearby!
An endoplasm is nearby!
The endoplasm hits you but does no damage.
You barely miss the endoplasm. The endoplasm freezes you.
You are frozen.
You resist.
You barely miss the endoplasm. You scratch the endoplasm.
You kill the endoplasm!
Lugonu accepts your kill.
No target in view!
No target in view!
No target in view!
No target in view!
No target in view!
No target in view!
f - a ring of fire
Things that are here:
a +0 club; a goblin corpse Key pressed, stopping explore.
There is an open door here.
There is a staircase leading out of the dungeon here.
There is an open door here.
Done exploring.
Done exploring.
Done exploring.
There is an open door here.
There is a staircase leading out of the dungeon here.
Are you sure you want to leave the Dungeon?
This will make you lose the game!
You have escaped!

#..##...#.# #.#........
#...##..#.###........##
#....#..#...........[..
#..8.#..########..#..##
#....#..# #.....##
#...##..########.#.....
#..##...##....##.#...##
#..#....#.....##.#.....
#..'..@.'............##
#..#....####'#####.#.#
#..##...# #.#####...#
#.).##..# #.........#
#[...#..# #.....#...##
#..8.#..####.#####.....
#....#..#...........>..
#...##..#.########.#...
#..##...#.# #.#...


There were no monsters in sight!

Vanquished Creatures
  5 bats (D:1)
  5 endoplasms (D:1)
  3 giant cockroaches (D:1)
  2 hobgoblins (D:1)
  A kobold (D:1)
  A quokka (D:1)
  2 frilled lizards (D:1)
  2 goblins (D:1)
  2 rats (D:1)
23 creatures vanquished.

Notes
Turn   | Place    | Note
-------+----------+-------------------------------------------
     0 | D:1      | HallandMoats the Ghoul Monk began the quest for the Orb.
     0 | D:1      | Reached XP level 1. HP: 19/19 MP: 0/0
   373 | D:1      | Reached XP level 2. HP: 26/26 MP: 1/1
   404 | D:1      | Reached skill level 1 in Axes
   566 | D:1      | Found a faded altar of an unknown god.
   596 | D:1      | Prayed at the altar of an unknown god.
   596 | D:1      | Became a worshipper of Lugonu the Unformed
   596 | D:1      | Reached * piety under Lugonu
   596 | D:1      | Reached ** piety under Lugonu
   596 | D:1      | Reached *** piety under Lugonu
   679 | D:1      | Reached XP level 3. HP: 30/31 MP: 2/2
   854 | D:$      | Safely got out of the dungeon.

Illustrated notes

Levels and vault maps discovered:
D:1:      giann_horns, layout_basic, hellmonk_ecumenical_altar_heavens_door

Skill      XL: |  1  2 |
---------------+-------+-----
Axes           | 1 |  1.1
Fighting       | |  3.6
Armour         | |  0.4
Dodging        | |  2.9
Stealth        | |  2.1
Unarmed Combat | |  3.2
Invocations    | |  0.7

Action                   || total
-------------------------++-------
Melee: Unarmed           ||    66
       Punch             ||     3
 Stab: Sleeping          ||     3
Armor: Ring mail         ||    19
       Robe              ||     1
Dodge: Dodged            ||    46

Table legend: (Time is in decaauts)
 A = Elapsed time spent in this place.
 B = Non-inter-level travel time spent in this place.
 C = Inter-level travel time spent in this place.
 D = Time resting spent in this place.
 E = Time spent auto-exploring this place.
 F = Levels seen in this place.
 G = Mean time per level.
                   A        B        C        D        E       F      G
               +--------+--------+--------+--------+--------+-----+--------+
         Total |    849 |    849 |      0 |      0 |    646 |   1 |  849.0 |
       Dungeon |    849 |    849 |      0 |      0 |    646 |   1 |  849.0 |
               +--------+--------+--------+--------+--------+-----+--------+

Top non-repeatable levels by time:
     D:1: 849 daAuts
